Description

This is a timing that I just kinda copied from a random PvP I've found.

VOD

https://youtube.com/watch?v=DnO3EupmtWE&si=EnSIkaIECMiOmarE&t=638

Replay - ByuNoGenic v Defo - Moondance

Build Order

Get SALT Encoding   

  12  0:00  Probe  
  13  0:12  Probe  
  14  0:16  Pylon  
  14  0:24  Probe (Chrono Boost)  
  15  0:36  Probe (Chrono Boost)  
  15  0:37  Gateway  
  16  0:43  Probe (Chrono Boost)  
  16  0:46  Assimilator  
  17  0:51  Probe  
  17  0:56  Assimilator  When you can mine gas with 14/16 on minerals
  18  1:03  Probe  
  19  1:11  Gateway  
  19  1:15  Probe  
  20  1:25  Cybernetics Core  
  20  1:28  Probe  
  21  1:36  Pylon  
  21  1:40  Probe  
  23  2:01  Stalker  
  23  2:02  Sentry  REMEMBER THE PYLON also pause Probes at 17/16
  23  2:03  Warp Gate  
  28  2:11  Pylon  
  28  2:28  Stalker x2  
  31  2:37  Robotics Facility  
  31  3:02  Nexus  
  31  3:05  Sentry  
  33  3:12  Pylon  On the lowground
  33  3:17  Sentry  
  35  3:29  Immortal (Chrono Boost)  
  37  3:35  Sentry  (I missed the 4th Sentry in my replay, it should be around here))
  39  3:58  Gateway  Resume probes
  44  4:23  Warp Prism (Chrono Boost)  
  44  4:38  Pylon, Stalker x2  On the way or across the map
  52  5:05  Adept x2, Stalker  Shade in to force a split
  56  5:31  Adept, Stalker x3  
Spawning Tool Build Advisor. Get it on Overwolf

Analysis

So the issue with this build is that there is a couple moments that are very attention heavy, such as managing the probes at the gasses. But it's pretty safe, gets you a nice timing to catch your opponent off guard and gives you plenty of micro potential with Sentries and the Prism.

If you don't kill your opponent with the push you can (I think) just go into Twilight Forge, get a third, then get your gasses and go into Blinkstalker Disruptor. Other follow-ups are probably possible too but I'm bad at the game so don't trust me on that.

Go to:

Details

  • Created by: Kriogenic
  • Published on: Jan 12, 2023
  • Modified on: Jan 12, 2023
  • Patch: 4.11.0
  • Difficulty: Medium
Show
View Real Time Build Order
Export as new Build Order

Comments (0)

There are no comments. Be the first!

Create an account to comment!